OmNomNom, lawful male dwarven Archeologist --------------------------------- ------- |...............................| #..<...| |.------------.....------------.| #|.....| |.|/.%|...|%%|.....| |(((|...|..# #.......### |)|%/%|...|%!|.....+ |(((|...|.|# #|.....| # #|.|...|...|..|.....| |...|...|.|# #|.....| ##`|.|%..|...||--.....----|----|--.|### #------- #-.--e--|---...............G.....| # `## #|.............{......{....sG....| ### ------- # # #|.-%---|---....--|---...........| # |.>...| # # #|.|..*|.. ----.|....|.-----Y---.| ###|.....| ### #|%|.(.|...| |.|....|.+ |.h..|.| #......| -----------# #|.|(((|...| +.|.._.|.| |.(..|.| ------- |..........# #|.|(((|...| |.|....|.| |....|.| |.........| #|.------------.------.---------.| |..........##########`|...............................| ----------- --------------------------------- OmNomNom the Field Worker Experience level: 5 Strength: 13 Dexterity: 10 Constitution: 15 Intelligence: 16 Wisdom: 16 Charisma: 8 Health: 0(43) Energy: 14(14) Def: 5 Gold: 0 Moves: 6700 Dungeon seed: 1ogKEu4-4jCbb3C8 Game ID: OmNomNom_1556636248 Your Inventory: Weapons a - an uncursed +2 bullwhip (weapon in hand) h - a blessed +1 orcish bow (alternate weapon; not wielded) i - 2 uncursed +0 orcish daggers m - an uncursed +0 dart (in quiver) E - an uncursed +0 scimitar N - an uncursed +0 scimitar S - an uncursed +0 dagger Armor e - an uncursed +0 leather jacket (being worn) n - an uncursed +0 orcish helm (being worn) r - a blessed +1 mummy wrapping (being worn) Comestibles g - 4 uncursed food rations o - an uncursed fortune cookie M - 2 uncursed lichen corpses Wands v - an uncursed wand of speed monster (0:2) y - an uncursed wand of speed monster (0:4) Y - an uncursed wand of digging (0:7) Tools b - an uncursed sack c - an uncursed oil lamp (0:1348) f - an uncursed tinning kit (0:58) k - an uncursed lock pick s - an uncursed stethoscope w - an uncursed tin whistle C - a cursed oil lamp (0:1232) Q - an uncursed expensive camera (0:60) U - an uncursed towel Gems q - an uncursed touchstone Contents of the sack: 2 uncursed scrolls of enchant weapon a cursed scroll of enchant weapon an uncursed scroll of fire an uncursed scroll of punishment an uncursed scroll of teleportation an uncursed potion of blindness an uncursed potion of confusion an uncursed potion of fruit juice an uncursed potion of healing an uncursed potion of invisibility an uncursed ring of polymorph control an uncursed ring of protection from shape changers an uncursed ring of sustain ability an uncursed +0 pick-axe 7 uncursed tallow candles (0:200) an uncursed jacinth stone an uncursed obsidian stone 591 gold pieces Spells and supernatural/magical abilities: Name Level Category Cost Memory s - slow monster 2 enchantment 100pw 97% u - confuse monster 2 enchantment 100pw 90% W - pray for help -- divine ? -- Your skills at the end: Fighting Skills wands [Basic] Weapon Skills pick-axe [Basic] whip [Basic] Spellcasting Skills Final Attributes: You were piously aligned. You were poison resistant. You were telepathic. You had infravision. You were visible. You were stealthy. You were protected. You were fast. You last prayed 145 turns ago. Quetzalcoatl was noncommittal. You are dead. Vanquished creatures: a large mimic a leprechaun a housecat a gnome mummy a mountain nymph a rock piercer 2 fog clouds a yellow light 3 kobold mummies a golden naga hatchling a gray ooze a ghoul 4 giant ants a little dog a floating eye 2 kittens 3 homunculi a kobold lord 10 hill orcs 5 rothes a rabid rat 2 giant bats 4 iguanas 11 killer bees 5 coyotes 3 manes a hobgoblin 7 giant rats 3 yellow molds a gnome 7 garter snakes 5 geckos 9 jackals 4 foxes 3 kobolds 5 goblins 4 sewer rats 7 grid bugs 3 lichens a kobold zombie 5 newts 133 creatures vanquished. Voluntary challenges: You had been an atheist until turn 1966. You used a wielded weapon 115 times, starting on turn 3223. You had been a pacifist until turn 3223. You read items or engraved 26 times, starting on turn 442. You never genocided any monsters. You never polymorphed an object. You never changed form. You used no wishes. You never split a pudding. You wrote Elbereth's name 14 times, starting on turn 1798. You never violated your personal moral code. Dungeon overview: The Dungeons of Doom: levels 1 to 7 Level 1 a fountain, a vault a long staircase Level 2 Level 3 Level 4 stairs to The Gnomish Mines Level 5 a vault Level 6 a vault Level 7 a fountain, a vault The Gnomish Mines: levels 5 to 9 Level 5 stairs to The Dungeons of Doom Level 6 Level 7 Level 8 <- You were here many shops, a temple to Huhetotl, some fountains Level 9 History has recorded: On T:1 you entered the Dungeons of Doom to retrieve the Amulet of Yendor! On T:22 you reached level 2 of The Dungeons of Doom. On T:398 you reached level 3 of The Dungeons of Doom. On T:1021 you reached level 4 of The Dungeons of Doom. On T:1224 you reached level 5 of The Dungeons of Doom. On T:1470 you reached level 1 of The Gnomish Mines. On T:1714 you reached level 2 of The Gnomish Mines. On T:1779 you reached level 3 of The Gnomish Mines. On T:1863 you reached level 4 of The Gnomish Mines. On T:2266 you reached level 5 of The Gnomish Mines. On T:2831 you reached level 6 of The Dungeons of Doom. On T:3386 you reached level 7 of The Dungeons of Doom. On T:3707 you advanced to experience level 2. On T:4028 you advanced to experience level 3. On T:4771 you advanced to experience level 4. On T:5519 you advanced to experience level 5. Score breakdown: Gold: 591 ( 9430 points) Experience: 5 levels (11141 points) Exploration: 9 levels ( 18.00%) (12121 points) Discoveries: 20 items ( 6.76%) ( 7798 points) Valuables value: (no points given unless you survive) Artifact value: 0 ( 0 points) Variety of kills: 41 monsters ( 10.79%) ( 9854 points) Turncount: 6700 turns (-1786 points) Survival: died (score multiplied by 80%) Total score: 38846 Latest messages: The dart hits the ape. You hit the ape. The ape hits! (2x) The ape bites! You hit the ape. The ape hits! (2x) The ape bites! You miss the ape. The ape hits! (2x) The ape just misses! You hit the ape. The ape hits! (2x) The ape bites! Status of the ape (neutral): Level 4 HP 15(23) Pw 7(7) Def 4. You hit the ape. The ape hits! (2x) The ape bites! You write in the dust with your fingers. The ape hits! (2x) You die... Final status: Goodbye OmNomNom the Archeologist, killed by an ape... You died in The Gnomish Mines on dungeon level 8 with 38846 points, and 591 pieces of gold, after 6700 moves. You were level 5 with a maximum of 43 hit points when you died.